General information
- name: 1v1 OBS TM #101
- type: Custom game
- host: ActionJackson2
- saver: TIMG4STRok
map: TwistedMeadows
- players: 9
- length: 15:11
- speed: Fast
- version: 1.24 W3XP
- replay type:

» download(108 KB)
Players
team 1 (winner)
ActionJackson2 (
red | 138 APM | 2101 actions | 15:11)
4 Mountain King
2 Storm Bolt
2 Bash
3 Archmage
2 Brilliance Aura
1 Summon Water Elemental
3 Paladin
2 Holy Light
1 Divine Shield
» actions
| Assign group hotkey | 33 | |
| Basic commands | 223 | |
| Build / train | 57 | |
| Enter build submenu | 21 | |
| Enter hero's abilities submenu | 10 | |
| Give item / drop item | 1 | |
| Remove unit from queue | 1 | |
| Right click | 690 | |
| Select / deselect | 235 | |
| Select group hotkey | 757 | |
| Use ability | 73 | |
2101 total
» units
| Peasant | 11 | |
| Footman | 6 | |
| Priest | 4 | |
| Knight | 6 | |
27 total
» upgrades
| Defend | 1 | |
| Priest Training | 2 | |
| Animal War Training | 1 | |
| Swords | 2 | |
6 total
» buildings
| Altar of Kings | 1 | |
| Barracks | 1 | |
| Farm | 13 | |
| Scout Tower | 1 | |
| Arcane Tower | 1 | |
| Keep | 1 | |
| Arcane Vault | 1 | |
| Arcane Sanctum | 1 | |
| Castle | 1 | |
| Lumber Mill | 2 | |
| Blacksmith | 1 | |
24 total
» build order
00:07 Altar of Kings
00:13 Barracks
00:16 Farm
00:41 Farm
01:35 Farm
01:39 Farm
01:57 Scout Tower
02:59 Arcane Tower
03:58 Keep
04:12 Arcane Vault
05:06 Farm
05:06 Farm
06:23 Arcane Sanctum
06:55 Castle
07:11 Lumber Mill
07:24 Lumber Mill
08:55 Blacksmith
09:14 Farm
09:20 Farm
09:21 Farm
10:16 Farm
10:53 Farm
12:17 Farm
12:56 Farm
» items
| Scroll of Regeneration | 3 | |
| Lesser Clarity Potion | 2 | |
| Boots of Speed | 1 | |
| Potion of Healing | 1 | |
7 total
team 2 (loser)
TIMG4STRok (
gray | 156 APM | 2370 actions | 15:11)
4 Archmage
2 Summon Water Elemental
2 Brilliance Aura
3 Pandaren Brewmaster
2 Breath of Fire
1 Drunken Haze
1 Paladin
1 Holy Light
» actions
| Assign group hotkey | 27 | |
| Basic commands | 69 | |
| Build / train | 51 | |
| ESC pressed | 2 | |
| Enter build submenu | 18 | |
| Enter hero's abilities submenu | 8 | |
| Give item / drop item | 4 | |
| Right click | 1238 | |
| Select / deselect | 259 | |
| Select group hotkey | 620 | |
| Use ability | 74 | |
2370 total
» units
| Peasant | 10 | |
| Footman | 9 | |
| Spell Breaker | 5 | |
| Forest Troll Shadow Priest | 1 | |
| Priest | 2 | |
| Knight | 1 | |
28 total
» upgrades
» buildings
| Altar of Kings | 1 | |
| Barracks | 1 | |
| Farm | 9 | |
| Scout Tower | 1 | |
| Arcane Vault | 1 | |
| Arcane Tower | 1 | |
| Keep | 1 | |
| Blacksmith | 2 | |
| Arcane Sanctum | 2 | |
| Castle | 2 | |
| Lumber Mill | 1 | |
22 total
» build order
00:05 Altar of Kings
00:09 Barracks
00:14 Farm
00:54 Farm
02:03 Farm
02:19 Scout Tower
02:29 Arcane Vault
03:00 Arcane Tower
04:05 Farm
04:16 Farm
05:03 Keep
06:00 Farm
07:16 Farm
07:21 Blacksmith
07:24 Arcane Sanctum
07:26 Arcane Sanctum
08:40 Farm
10:46 Castle
10:47 Castle
12:12 Blacksmith
13:03 Lumber Mill
13:19 Farm
» items
| Scroll of Regeneration | 3 | |
| Lesser Clarity Potion | 1 | |
| Boots of Speed | 1 | |
| Scroll of Town Portal | 1 | |
6 total
observers1qwerty1,
FallingTree,
MATA.,
BEAR_AND,
pr0)slunk,
Seyrenis123,
GRRRRIZZLY Chat log
(00:36 / All) ActionJackson2: hay timmay
(00:37 / All) TIMG4STRok: hi
(00:44 / All) TIMG4STRok: gl hf
(00:46 / All) ActionJackson2: tanking suck
(00:47 / All) ActionJackson2: s
(00:53 / All) ActionJackson2: why you tank in wow
(01:02 / All) TIMG4STRok: is better than dps
(01:12 / All) ActionJackson2: bullshit
(01:12 / All) TIMG4STRok: lagger leave
(01:23 / All) TIMG4STRok: lagger be gone
(01:25 / All) TIMG4STRok: grizzly
(01:47 / All) TIMG4STRok: grrizly leave
(02:12 / All) TIMG4STRok: go
(05:09 / All) ActionJackson2: scared?
(05:14 / All) ActionJackson2: I was
(05:27 / All) ActionJackson2: now stupid panda comin amirite
(05:41 / All) ActionJackson2: ohh
(05:50 / All) ActionJackson2: timmay!
(15:09 / All) TIMG4STRok: gg